 Dungeon Crawl Stone Soup version 0.24.0-123-gd5b16e6ec5 (webtiles) character file.

Game seed: 5849352266266681003, levelgen mode: deterministic

2058 FishyPogo the Skirmisher (level 9, 0/108 HPs)
             Began as a Demonspawn Chaos Knight on Jan 30, 2020.
             Was a Plaything of Xom.
             Slain by an orc warrior
             ... wielding a +0 broad axe
              (15 damage)
             ... in a bailey.
             The game lasted 00:17:16 (5906 turns).

FishyPogo the Skirmisher (Demonspawn Chaos Knight)  Turns: 5906, Time: 00:17:16

Health: 0/108      AC: 24    Str: 22    XL:     9   Next: 5%
Magic:  9/9        EV:  2    Int: 15    God:    Xom [....*.]
Gold:   389        SH:  8    Dex: 10    Spells: 8/8 levels left

rFire    . . .     SeeInvis .   (no weapon)
rCold    . . .     Gourm    .   q - +4 buckler of Gluttony {rN+ Str+2}
rNeg     + + +     Faith    .   (armour currently unavailable)
rPois    +         Spirit   .   (helmet currently unavailable)
rElec    .         Reflect  .   (cloak currently unavailable)
rCorr    .         Harm     .   (gloves currently unavailable)
MR       .....     NoTele   +   (boots unavailable)
Stlth    +.........             (no amulet)
HPRegen  0.28/turn              (no ring)
MPRegen  0.11/turn              (no ring)

@: mighty, tree-form
A: blurry vision 1, clever 1, clumsy 1, sense surroundings 1, powered by pain 1,
weak 1
a: Renounce Religion


You were in a bailey.
You worshipped Xom.
You were a beloved toy of Xom.
You were hungry.
You were a tree.
You visited 1 branch of the dungeon, and saw 8 of its levels.
You also visited: Bailey.

You collected 389 gold pieces.

Inventory:

Hand Weapons
 a - a +2 short sword of speed
Missiles
 d - 132 stones
 v - 9 atropa-tipped darts (quivered)
 B - 5 silver javelins
Armour
 o - the +3 hat of Pondering (melded) {ponderous, MR+ MP+10 Int+5}
   (You found it on level 5 of the Dungeon)

   It affects your intelligence (+5).
   It affects your resistance to hostile enchantments.
   It affects your magic capacity (+10).
 q - the +4 buckler of Gluttony (worn) {rN+ Str+2}
   (You found it on level 4 of the Dungeon)

   It affects your strength (+2).
   It protects you from negative energy.
 s - a +0 cloak (melded)
 w - a +3 ring mail of magic resistance (melded)
Wands
 p - a wand of paralysis (8)
Scrolls
 e - 2 scrolls of teleportation
 f - 5 scrolls of remove curse
 h - a scroll of immolation {unknown}
 k - a scroll of magic mapping {unknown}
 m - a scroll of fog {unknown}
 r - 5 scrolls of identify {unknown}
 u - 3 scrolls of blinking {unknown}
 y - a scroll of enchant weapon
Potions
 g - a potion of flight {unknown}
 i - a potion of degeneration {unknown}
 j - 3 potions of curing {unknown}
 l - a potion of might {unknown}
 n - a potion of agility {unknown}
 t - a potion of berserk rage {unknown}
 z - a potion of heal wounds {unknown}
Comestibles
 c - 17 rations


   Skills:
 * Level 7.5 Fighting
 * Level 6.9 Short Blades
 + Level 4.6 Armour
 - Level 2.0 Dodging
 + Level 3.6 Shields


You had 8 spell levels left.
You didn't know any spells.
Your spell library was empty.

Dungeon Overview and Level Annotations

Branches:
Dungeon (7/15)             Temple (0/1) D:6          Bailey (1/1)

Altars:
Ashenzari
Dithmenos
Elyvilon
Fedhas
Hepliaklqana
Makhleb
Ru
Sif Muna
Trog
Uskayaw
Xom
Yredelemnul
Zin


Innate Abilities, Weirdness & Mutations

((You have claws for feet.))
You sometimes gain a little power by taking damage.
((When seriously injured, your bleeding wounds create armour. (AC +0)))
((You have a pair of horns on your head.))
Scrolls take you a little longer to read.
Your mind is acute. (Int +2)
You are clumsy. (Dex -2)
You passively map a small area around you.
You are weak. (Str -2)


Message History

A kobold comes into view.
You smack the orc warrior!
The orc warrior is moderately wounded.
A kobold comes into view.
The orc knight hits you with a +0 war axe.
* * * LOW HITPOINT WARNING * * *
The orc warrior hits you but does no damage.
The kobold throws a boomerang.
The boomerang hits you but does no damage.
The weapon returns to the kobold!
You pummel the orc warrior!!
The orc warrior is almost dead. "Serve the toy, my child!"
The kobold throws a boomerang.
You block the boomerang.
The weapon returns to the kobold!
The orc knight hits you with a +0 war axe!
* * * LOW HITPOINT WARNING * * *
The orc warrior hits you with a +0 broad axe!
You die...
Xom guffaws!

###
##8##
##.∩5##
#8^.^8#
##o♣o##
* ##)##
∩ , ≈.≈
, '
*#≈)≈#
+ ,
(≈.≈K ,
##≈)≈##
K≈)≈(
#≈)≈# ≈


You could see an orc knight, an orc warrior, 2 kobolds and a friendly white imp.

Vanquished Creatures
  Edmund (D:4)
  2 orc warriors (Bailey)
  A sky beast (D:7)
  An ice beast (D:5)
  2 phantoms
  2 centaurs (D:5)
  2 ogres
  A water moccasin zombie (D:7)
  A scorpion (D:4)
  A howler monkey (D:5)
  2 electric eels (D:6)
  A centaur zombie (D:5)
  3 crimson imps
  A hound (D:4)
  A bullfrog skeleton (D:5)
  3 orc priests
  4 orc wizards
  A gnoll shaman (D:4)
  2 iguanas
  7 worker ants
  3 gnolls
  8 adders
  An adder skeleton (D:6)
  2 worms
  4 dart slugs
  8 leopard geckos
  15 orcs
  4 bats
  5 giant cockroaches
  14 goblins
  8 hobgoblins
  15 jackals
  A quokka (D:4)
  2 ball pythons (D:1)
  12 frilled lizards
  2 jackal zombies
  6 kobolds
  A quokka skeleton (D:5)
  5 rats
155 creatures vanquished.

Vanquished Creatures (collateral kills)
  An orc warrior (D:7)
  A centaur zombie (D:7)
2 creatures vanquished.

Vanquished Creatures (others)
  3 gnolls
  3 orcs (Bailey)
  2 hobgoblins (Bailey)
  6 kobolds (Bailey)
  A bush (D:5)
15 creatures vanquished.

Grand Total: 172 creatures vanquished

Notes
Turn   | Place    | Note
-------+----------+-------------------------------------------
     0 | D:1      | FishyPogo the Demonspawn Chaos Knight began the quest for
                  | the Orb.
     0 | D:1      | Reached XP level 1. HP: 18/18 MP: 1/1
    10 | D:1      | XOM: silly message
    96 | D:1      | Reached skill level 1 in Dodging
   116 | D:1      | XOM: silly message
   292 | D:1      | XOM: divination: detect creatures
   298 | D:1      | Gained mutation: You have sharp toenails. [demonic
                  | ancestry]
   298 | D:1      | Reached XP level 2. HP: 24/24 MP: 2/2
   350 | D:1      | XOM: noise
   368 | D:1      | XOM: harmless Ice miscast
   597 | D:1      | XOM: mild Necr miscast
   659 | D:1      | XOM: mild Air miscast
   720 | D:1      | XOM: summons 1 hostile demon
   837 | D:2      | Gained mutation: You have razor-sharp toenails. [demonic
                  | ancestry]
   837 | D:2      | Reached XP level 3. HP: 26/29 MP: 3/3
   949 | D:2      | Found a blossoming altar of Fedhas.
  1221 | D:2      | XOM is BORED!
  1221 | D:2      | XOM: medium Erth miscast
  1271 | D:2      | Found a faded altar of an unknown god.
  1401 | D:2      | Found a shadowy altar of Dithmenos.
  1573 | D:3      | XOM: god gift: 54 gold pieces
  1575 | D:3      | Gained mutation: You have claws for feet. [demonic
                  | ancestry]
  1575 | D:3      | Reached XP level 4. HP: 33/37 MP: 4/4
  1596 | D:3      | XOM: divination: detect items
  2034 | D:3      | XOM: scenery: create altars
  2140 | D:3      | XOM: scenery: create altars
  2157 | D:4      | Reached skill level 4 in Fighting
  2185 | D:4      | Reached XP level 5. HP: 34/42 MP: 5/5
  2207 | D:4      | XOM: give mutations
  2207 | D:4      | Gained mutation: Your mind is acute. (Int +2) [Xom's grace]
  2207 | D:4      | Gained mutation: You are agile. (Dex +2) [Xom's grace]
  2207 | D:4      | Gained mutation: You are resistant to hostile enchantments.
                  | (MR+) [Xom's grace]
  2207 | D:4      | Gained mutation: You have a pair of small horns on your
                  | head. [Xom's grace]
  2232 | D:4      | Got a shimmering buckler
  2238 | D:4      | Identified the +4 buckler of Gluttony {rN+ Str+2} (You
                  | found it on level 4 of the Dungeon)
  2255 | D:4      | Got an encrusted great sword
  2261 | D:4      | Identified the +6 great sword of Dacar {antimagic, +Blink
                  | rF- Int+3 Dex+3} (You found it on level 4 of the Dungeon)
  2306 | D:4      | XOM: divine lightning
  2375 | D:4      | XOM: give mutation
  2375 | D:4      | Gained mutation: Scrolls take you a little longer to read.
                  | [Xom's mischief]
  2386 | D:4      | XOM: enchant monster (bad)
  2610 | D:4      | XOM: give mutations
  2610 | D:4      | Lost mutation: Scrolls take you a little longer to read.
                  | [Xom's mischief]
  2610 | D:4      | Gained mutation: Scrolls take you a little longer to read.
                  | [Xom's mischief]
  2610 | D:4      | Gained mutation: You are frail. (-10% HP) [Xom's mischief]
  2642 | D:4      | Reached XP level 6. HP: 44/44 MP: 6/6
  2671 | D:4      | Reached skill level 1 in Shields
  2675 | D:4      | XOM: medium Tmut miscast
  2874 | D:4      | Reached skill level 5 in Fighting
  2895 | D:4      | Noticed Edmund
  2924 | D:4      | XOM: swap monsters
  2950 | D:4      | XOM: enchant monster (bad)
  2955 | D:5      | Entered Level 5 of the Dungeon
  2967 | D:5      | XOM: destruction
  3107 | D:5      | XOM: divination: detect creatures
  3111 | D:5      | Gained mutation: You sometimes gain a little power by
                  | taking damage. [demonic ancestry]
  3111 | D:5      | Reached XP level 7. HP: 22/50 MP: 7/7
  3204 | D:5      | XOM: give mutations
  3204 | D:5      | Lost mutation: You are agile. (Dex +2) [Xom's mischief]
  3204 | D:5      | Lost mutation: Your mind is acute. (Int +2) [Xom's
                  | mischief]
  3204 | D:5      | Gained mutation: You are clumsy. (Dex -2) [Xom's mischief]
  3204 | D:5      | Gained mutation: You are weak. (Str -2) [Xom's mischief]
  3266 | D:5      | Found a shattered altar of Ashenzari.
  3330 | D:5      | XOM: give mutations
  3330 | D:5      | Gained mutation: You have a pair of horns on your head.
                  | [Xom's mischief]
  3330 | D:5      | Gained mutation: Armour fits poorly on your strangely
                  | shaped body. [Xom's mischief]
  3330 | D:5      | Lost mutation: You are resistant to hostile enchantments.
                  | (MR+) [Xom's mischief]
  3330 | D:5      | Gained mutation: You passively map a small area around you.
                  | [Xom's mischief]
  3405 | D:5      | Reached skill level 5 in Short Blades
  3454 | D:5      | XOM: swap monsters
  3755 | D:5      | Found the +3 hat of Pondering {ponderous, MR+ MP+10 Int+5}
  3799 | D:5      | Found a blossoming altar of Fedhas.
  3804 | D:5      | Got a crystal long sword
  3852 | D:5      | XOM: mild Chrm miscast
  3886 | D:4      | XOM: summons 1 hostile shadow creature
  3901 | D:4      | Killed Edmund
  3901 | D:4      | Reached skill level 6 in Fighting
  3901 | D:4      | Reached XP level 8. HP: 44/57 MP: 8/8
  3941 | D:4      | XOM: mild Necr miscast
  3987 | D:4      | XOM: summons 1 hostile demon
  4047 | D:4      | XOM: medium Pois miscast
  4264 | D:5      | Found a hide-covered altar of Uskayaw.
  4991 | D:6      | Found a staircase to the Ecumenical Temple.
  5142 | D:6      | Found a hazy altar of Hepliaklqana.
  5354 | D:6      | XOM: give mutation
  5354 | D:6      | Gained mutation: You are very weak. (Str -4) [Xom's
                  | mischief]
  5359 | D:6      | Found a burning altar of Makhleb.
  5364 | D:6      | Found a shimmering blue altar of Sif Muna.
  5371 | D:6      | Found a shattered altar of Ashenzari.
  5376 | D:6      | Found a glowing silver altar of Zin.
  5387 | D:6      | Found a sacrificial altar of Ru.
  5394 | D:6      | Found a bloodstained altar of Trog.
  5399 | D:6      | Found a white marble altar of Elyvilon.
  5580 | D:7      | Reached skill level 7 in Fighting
  5620 | D:7      | XOM: 5-stop teleportation journey
  5820 | D:7      | XOM: cast spell 'Summon Hydra'
  5826 | D:7      | Found a basalt altar of Yredelemnul.
  5828 | D:7      | You fall into a shaft and drop 1 floor!
  5830 | D:8      | Found a flagged portal.
  5859 | Bailey   | Entered a bailey
  5879 | Bailey   | Noticed an orc knight
  5894 | Bailey   | Gained mutation: When seriously injured, your bleeding
                  | wounds create armour. (AC +0) [demonic ancestry]
  5894 | Bailey   | Reached XP level 9. HP: 29/64 MP: 9/9
  5895 | Bailey   | Lost mutation: You are frail. (-10% HP) [potion of
                  | mutation]
  5895 | Bailey   | Lost mutation: Armour fits poorly on your strangely shaped
                  | body. [potion of mutation]
  5895 | Bailey   | Lost mutation: You are very weak. (Str -4) [potion of
                  | mutation]
  5895 | Bailey   | Gained mutation: Your mind is acute. (Int +2) [potion of
                  | mutation]
  5900 | Bailey   | XOM: destruction
  5906 | Bailey   | XOM: summons friendly white imp
  5906 | Bailey   | Slain by an orc warrior

Levels and vault maps discovered:
D:1:      nicolae_arrival_memento_mori, layout_loops_cross, serial_rivers,
          chequers_serial_rivers_marsh, chequers_serial_rivers_small_a,
          chequers_serial_rivers_large_a, chequers_serial_rivers_room_a
D:2:      wad_crossroads, layout_basic, lemuel_round_altar,
          chequers_ecumenical_altar_island, fedhas_ov_isle_minmay
D:3:      layout_basic, first_ration, chequers_serial_rivers_small_3
D:4:      layout_basic, uniq_edmund
D:5:      minmay_chambers_of_threes, layout_basic,
          eat_drink_and_be_merry_uskayaw, lemuel_round_altar,
          kb_lookout_dungeons_type, evilmike_ruin_ashenzari
D:6:      layout_loops_ring, lemuel_round_altar, grunt_temple_overflow_octagram,
          minmay_temple_entry_waves, serial_bayou_ford_a, dk_vineyard_1
D:7:      layout_basic, kennysheep_mini_moat, old_standard_altar
D:8:      layout_basic, nemelex_altar_shiori, enter_bailey_3
Bailey:   bailey_axe_1, bailey

Skill      XL: |  1  2  3  4  5  6  7  8 |
---------------+-------------------------+-----
Dodging        | 1 2 |  2.0
Short Blades   | 3 4 5 6 |  6.9
Armour         | 2 3 4 |  4.6
Fighting       | 4 5 6 7 |  7.5
Shields        | 1 2 3 |  3.6

Action                   |  1- 3 |  4- 6 |  7- 9 || total
-------------------------+-------+-------+-------++-------
Melee: Short sword       |   125 |   210 |   319 ||   654
       Dagger            |     2 |       |       ||     2
       Kick              |    22 |    58 |    62 ||   142
       Headbutt          |       |    15 |    45 ||    60
       Unarmed           |       |       |     9 ||     9
Throw: Stone             |       |     9 |     3 ||    12
       Dart              |       |     5 |     4 ||     9
  Use: Scroll            |       |       |     3 ||     3
       Potion            |       |       |     2 ||     2
 Stab: Sleeping          |     1 |       |       ||     1
  Eat: Chunk             |     2 |     4 |    10 ||    16
Armor: Leather armour    |    25 |    23 |    15 ||    63
       Ring mail         |       |       |    21 ||    21
       Skin              |       |       |     5 ||     5
Dodge: Dodged            |    46 |    57 |    63 ||   166
Block: Buckler           |       |    22 |    57 ||    79
